FSL
DAYTONA TORTUGAS @ LAKELAND FLYING TIGERS
08/22/2098
 
TOP OF THE 1ST
Daytona Tortugas batting - Pitching for Lakeland Flying Tigers : RHP Matt Welcher
Pitching: RHP Matt Welcher
Batting: LHB Alexis Viramontes 0-0: Called Strike
0-1: Foul Ball, location: 9LDF
0-2: Ball
1-2: Ball
2-2: Ball
3-2: Ground out 6-3 (Groundball, P, EV 91.9 MPH)
Batting: RHB Joe Mills 0-0: Ball
1-0: Fly out, F7 (Flyball, 7D, EV 85.0 MPH)
Batting: LHB Gabriel Villa 0-0: Foul Ball, location: 2F
0-1: Ball
1-1: Ball
2-1: Foul Ball, location: 23F
2-2: Ground out 5-3 (Groundball, 5S, EV 89.4 MPH)
Top of the 1st over - 0 runs, 0 hits, 0 errors, 0 left on base; Daytona 0 - Lakeland 0
BOTTOM OF THE 1ST
Lakeland Flying Tigers batting - Pitching for Daytona Tortugas : RHP Eddie Hagner
Pitching: RHP Eddie Hagner
Batting: RHB Quincy Behan 0-0: Ball
1-0: Ball
2-0: Foul Ball, location: 9LMF
2-1: Ball
3-1: DOUBLE (Flyball, 78D, EV 97.5 MPH)
Batting: LHB Ron Devers 0-0: Ball
1-0: Foul Ball, location: 2F
1-1: Ball
2-1: Ground out 4-3 (Groundball, 4, EV 84.4 MPH)
Quincy Behan to third
Batting: LHB Mike Giordano 0-0: Ball
1-0: Called Strike
1-1: Ball
2-1: Ball
3-1: Base on Balls
Batting: LHB Dusty Ancona 0-0: Foul Ball, location: 2F
0-1: Swinging Strike
0-2: Ball
1-2: Ball
2-2: Ball
3-2: Fielders Choice at 2nd, 4-6 (Groundball, 4, EV 109.4 MPH)
Quincy Behan scores
Batting: LHB Ted Oetken 0-0: Ball
1-0: Called Strike
Dusty Ancona steals 2nd base
1-1: SINGLE (Groundball, 6MD, EV 94.4 MPH)
Dusty Ancona to third
Runner from 3rd tries for Home, SAFE, throw by CF to home
Ted Oetken to second
Batting: RHB Joe McFadden 0-0: Ball
1-0: Swinging Strike
1-1: SINGLE (Line Drive, 8LS, EV 88.1 MPH)
Ted Oetken to third
Runner from 3rd tries for Home, SAFE, throw by CF to home
Batting: LHB Alex Pacheco 0-0: Foul Ball, location: 2F
0-1: Ball
1-1: Foul Ball, location: 7LMF
1-2: Strikes out swinging
Bottom of the 1st over - 3 runs, 3 hits, 0 errors, 1 left on base; Daytona 0 - Lakeland 3
TOP OF THE 2ND
Daytona Tortugas batting - Pitching for Lakeland Flying Tigers : RHP Matt Welcher
Batting: LHB Bobby Reicherter 0-0: Called Strike
0-1: Called Strike
0-2: Ball
1-2: Fly out, F8 (Flyball, 8LM, EV 93.8 MPH)
Batting: LHB Jordan Segura 0-0: Foul Ball, location: 2F
0-1: Ball
1-1: Ball
2-1: Ball
3-1: Base on Balls
Batting: RHB Alex Cervantes 0-0: Foul Ball, location: 23F
0-1: Foul Ball, location: 9LMF
0-2: Ball
1-2: Ball
2-2: Foul Ball, location: 3DF
2-2: DOUBLE (Line Drive, 78XD, EV 105.0 MPH)
Jordan Segura to third
Batting: LHB Jose Hernandez 0-0: Called Strike
0-1: Ground out U3 (Groundball, 3S, EV 68.8 MPH)
Batting: RHB Rodolfo Mendoza 0-0: Ball
1-0: Ball
2-0: Swinging Strike
2-1: Foul Ball, location: 7LDF
2-2: Ball
3-2: Strikes out swinging
Top of the 2nd over - 0 runs, 1 hit, 0 errors, 2 left on base; Daytona 0 - Lakeland 3
BOTTOM OF THE 2ND
Lakeland Flying Tigers batting - Pitching for Daytona Tortugas : RHP Eddie Hagner
Batting: RHB Chris Bowman 0-0: Ball
1-0: Ball
2-0: Foul Ball, location: 25FF
2-1: Swinging Strike
2-2: Foul Ball, location: 3F
2-2: Strikes out swinging
Batting: RHB Mike Nesseth 0-0: Swinging Strike
0-1: Called Strike
0-2: Ball
1-2: Foul Ball, location: 5DF
1-2: Ball
2-2: Ground out U3 (Groundball, 34, EV 103.8 MPH)
Batting: RHB Quincy Behan 0-0: Ball
1-0: Foul Ball, location: 25FF
1-1: Called Strike
1-2: Strikes out swinging, 2-3 out at first.
Bottom of the 2nd over - 0 runs, 0 hits, 0 errors, 0 left on base; Daytona 0 - Lakeland 3
TOP OF THE 3RD
Daytona Tortugas batting - Pitching for Lakeland Flying Tigers : RHP Matt Welcher
Batting: RHB Frank Castro 0-0: Ball
1-0: Swinging Strike
1-1: Ball
2-1: Ball
3-1: Swinging Strike
3-2: Foul Ball, location: 2F
3-2: Fly out, F8 (Flyball, 8LD, EV 107.5 MPH)
Batting: LHB Alexis Viramontes 0-0: Ball
1-0: Ball
2-0: Swinging Strike
2-1: Swinging Strike
2-2: Strikes out swinging
Batting: RHB Joe Mills 0-0: Called Strike
0-1: Ball
1-1: Foul Ball, location: 9LMF
1-2: Ground out 3-1 (Groundball, 34S, EV 80.0 MPH)
Top of the 3rd over - 0 runs, 0 hits, 0 errors, 0 left on base; Daytona 0 - Lakeland 3
BOTTOM OF THE 3RD
Lakeland Flying Tigers batting - Pitching for Daytona Tortugas : RHP Eddie Hagner
Batting: LHB Ron Devers 0-0: Ball
1-0: Ground out 3-1 (Groundball, 34, EV 86.9 MPH)
Batting: LHB Mike Giordano 0-0: Called Strike
0-1: Ball
1-1: Ball
2-1: Ground out U3 (Groundball, 3, EV 85.0 MPH)
Batting: LHB Dusty Ancona 0-0: Ball
1-0: Ground out 6-3 (Groundball, 6M, EV 88.8 MPH)
Bottom of the 3rd over - 0 runs, 0 hits, 0 errors, 0 left on base; Daytona 0 - Lakeland 3
TOP OF THE 4TH
Daytona Tortugas batting - Pitching for Lakeland Flying Tigers : RHP Matt Welcher
Batting: LHB Gabriel Villa 0-0: Ball
1-0: Called Strike
1-1: Foul Ball, location: 23F
1-2: Fly out, F8 (Flyball, 8LD, EV 103.8 MPH)
Batting: LHB Bobby Reicherter 0-0: Called Strike
0-1: Foul Ball, location: 23FF
0-2: Strikes out looking
Batting: LHB Jordan Segura 0-0: Ball
1-0: Foul Ball, location: 2LF
1-1: Foul Ball, location: 3FF
1-2: Ball
2-2: Ball
3-2: Foul Ball, location: 2F
3-2: Foul Ball, location: 2F
3-2: Foul Ball, location: 2F
3-2: Ground out 6-3 (Groundball, 6, EV 85.0 MPH)
Top of the 4th over - 0 runs, 0 hits, 0 errors, 0 left on base; Daytona 0 - Lakeland 3
BOTTOM OF THE 4TH
Lakeland Flying Tigers batting - Pitching for Daytona Tortugas : RHP Eddie Hagner
Batting: LHB Ted Oetken 0-0: Ground out 6-3 (Groundball, 6, EV 83.8 MPH)
Batting: RHB Joe McFadden 0-0: Ball
1-0: Ball
2-0: SINGLE (Groundball, 56D, EV 96.9 MPH)
Batting: LHB Alex Pacheco 0-0: Ball
1-0: Called Strike
1-1: Ball
2-1: Ball
3-1: Foul Ball, location: 2F
3-2: Foul Ball, location: 2F
3-2: Foul Ball, location: 25F
3-2: Fielders Choice at 2nd, 4-6 (Groundball, 4, EV 91.3 MPH)
Batting: RHB Chris Bowman 0-0: Ball
Alex Pacheco steals 2nd base
1-0: Ball
2-0: Foul Ball, location: 7LSF
2-1: SINGLE (Line Drive, 34D, EV 98.1 MPH)
Alex Pacheco to third
Runner from 3rd tries for Home, SAFE, throw by RF to home
Batting: RHB Mike Nesseth 0-0: Ball
Pickoff Throw to First - Out! 1-3
Bottom of the 4th over - 1 run, 2 hits, 0 errors, 0 left on base; Daytona 0 - Lakeland 4
TOP OF THE 5TH
Daytona Tortugas batting - Pitching for Lakeland Flying Tigers : RHP Matt Welcher
Batting: RHB Alex Cervantes 0-0: Called Strike
0-1: Ball
1-1: Swinging Strike
1-2: Strikes out swinging
Batting: LHB Jose Hernandez 0-0: Ball
1-0: Ball
2-0: Called Strike
2-1: Ball
3-1: Base on Balls
Batting: RHB Rodolfo Mendoza 0-0: Ball
1-0: Foul Ball, location: 2LF
1-1: Foul Ball, location: 2F
1-2: Foul Ball, location: 2F
1-2: Ball
2-2: Strikes out swinging
Batting: RHB Frank Castro 0-0: Ball
1-0: Foul Ball, location: 25F
1-1: Called Strike
1-2: SINGLE (Flyball, 8LS, EV 86.3 MPH)
Jose Hernandez to second
Batting: LHB Alexis Viramontes 0-0: Called Strike
0-1: Ball
1-1: Foul Ball, location: 2F
1-2: Fly out, F5 (Popup, 5, EV 61.3 MPH)
Top of the 5th over - 0 runs, 1 hit, 0 errors, 2 left on base; Daytona 0 - Lakeland 4
BOTTOM OF THE 5TH
Lakeland Flying Tigers batting - Pitching for Daytona Tortugas : RHP Eddie Hagner
Batting: RHB Mike Nesseth 0-0: Called Strike
0-1: Foul Ball, location: 3FF
0-2: Ball
1-2: Strikes out swinging, 2-3 out at first.
Batting: RHB Quincy Behan 0-0: Ground out 1-3 (Groundball, 15S, EV 75.6 MPH)
Batting: LHB Ron Devers 0-0: Called Strike
0-1: Fly out, F8 (Flyball, 8RM, EV 88.1 MPH)
Bottom of the 5th over - 0 runs, 0 hits, 0 errors, 0 left on base; Daytona 0 - Lakeland 4
TOP OF THE 6TH
Daytona Tortugas batting - Pitching for Lakeland Flying Tigers : RHP Matt Welcher
Pitching: RHP Jim Unknown
Batting: RHB Joe Mills 0-0: Ball
1-0: Ball
2-0: Foul Ball, location: 2F
2-1: Fly out, F6 (Popup, 6M, EV 77.5 MPH)
Batting: LHB Gabriel Villa 0-0: Ball
1-0: Foul Ball, location: 25F
1-1: Ground out 4-3 (Groundball, 4, EV 81.9 MPH)
Batting: LHB Bobby Reicherter 0-0: Foul Ball, location: 2F
0-1: Foul Ball, location: 5DF
0-2: Foul Ball, location: 23F
0-2: Foul Ball, location: 3FF
0-2: Foul Ball, location: 9LSF
0-2: Fly out, F8 (Flyball, 8RM, EV 88.8 MPH)
Top of the 6th over - 0 runs, 0 hits, 0 errors, 0 left on base; Daytona 0 - Lakeland 4
BOTTOM OF THE 6TH
Lakeland Flying Tigers batting - Pitching for Daytona Tortugas : RHP Eddie Hagner
Batting: LHB Mike Giordano 0-0: Swinging Strike
0-1: Ball
1-1: Ball
2-1: Fly out, F7 (Flyball, 7D, EV 101.3 MPH)
Batting: LHB Dusty Ancona 0-0: Foul Ball, location: 7LSF
0-1: Ball
1-1: Ball
2-1: Fly out, F7 (Flyball, 7, EV 80.0 MPH)
Batting: LHB Ted Oetken 0-0: Called Strike
0-1: Ball
1-1: Ball
2-1: Foul Ball, location: 25FF
2-2: SINGLE (Groundball, 4MD, EV 106.3 MPH)
Batting: RHB Joe McFadden 0-0: Swinging Strike
0-1: Fly out, F8 (Flyball, 8LM, EV 88.1 MPH)
Bottom of the 6th over - 0 runs, 1 hit, 0 errors, 1 left on base; Daytona 0 - Lakeland 4
TOP OF THE 7TH
Daytona Tortugas batting - Pitching for Lakeland Flying Tigers : RHP Jim Unknown
Batting: LHB Jordan Segura 0-0: Called Strike
0-1: Ball
1-1: Ball
2-1: Ball
3-1: Base on Balls
Batting: RHB Alex Cervantes 0-0: Foul Ball, location: 2F
0-1: SINGLE (Line Drive, 7S, EV 98.8 MPH)
Jordan Segura to second
Batting: LHB Jose Hernandez 0-0: Ball
1-0: Ball
2-0: Ball
3-0: Base on Balls
Jordan Segura to third
Alex Cervantes to second
Pinch Hitting: RHB David Clinkscale Balk!
Jordan Segura scores
Alex Cervantes to third
Jose Hernandez to second
0-0: Ball
1-0: Ball
Passed Ball!
Alex Cervantes scores
Jose Hernandez to third
2-0: Called Strike
2-1: Foul Ball, location: 2F
2-2: Strikes out looking
Pinch Hitting: RHB Ivan Gallegos 0-0: Ball
1-0: Ball
2-0: Foul Ball, location: 2F
2-1: Foul Ball, location: 3F
2-2: Foul Ball, location: 5FF
2-2: Ball
3-2: Foul Ball, location: 3FF
3-2: Ground out 5-3 (Groundball, 56, EV 100.0 MPH)
Batting: LHB Alexis Viramontes 0-0: Ball
1-0: Ball
2-0: Called Strike
2-1: SINGLE (Line Drive, 8RS, EV 102.5 MPH)
Jose Hernandez scores
Batting: SHB Ruben Rubi 0-0: Foul Ball, location: 2RF
0-1: Ball
1-1: Fly out, F8 (Flyball, 78M, EV 90.6 MPH)
Top of the 7th over - 3 runs, 2 hits, 0 errors, 1 left on base; Daytona 3 - Lakeland 4
BOTTOM OF THE 7TH
Lakeland Flying Tigers batting - Pitching for Daytona Tortugas : RHP Eddie Hagner
Now at 2B: Danny Tavira
Now at SS: David Clinkscale
Batting: LHB Alex Pacheco 0-0: Foul Ball, location: 2F
0-1: Ball
1-1: Swinging Strike
1-2: Ball
2-2: Ground out 4-3 (Groundball, 4M, EV 84.4 MPH)
Pitching: RHP Alex Gonsalez
Batting: RHB Chris Bowman 0-0: Ball
1-0: Ball
2-0: Fly out, F7 (Flyball, 7D, EV 76.9 MPH)
Batting: RHB Mike Nesseth 0-0: Swinging Strike
0-1: Ball
1-1: Fly out, F6 (Popup, 6, EV 59.4 MPH)
Bottom of the 7th over - 0 runs, 0 hits, 0 errors, 0 left on base; Daytona 3 - Lakeland 4
TOP OF THE 8TH
Daytona Tortugas batting - Pitching for Lakeland Flying Tigers : RHP Jim Unknown
Batting: LHB Gabriel Villa 0-0: Called Strike
0-1: Swinging Strike
0-2: Foul Ball, location: 2F
0-2: Ball
1-2: Ball
2-2: Fly out, F7 (Flyball, 7, EV 96.3 MPH)
Batting: LHB Bobby Reicherter 0-0: Fly out, F8 (Flyball, 8RXD, EV 105.6 MPH)
Batting: LHB Jordan Segura 0-0: Foul Ball, location: 2F
0-1: Ball
1-1: Called Strike
1-2: Strikes out swinging
Top of the 8th over - 0 runs, 0 hits, 0 errors, 0 left on base; Daytona 3 - Lakeland 4
BOTTOM OF THE 8TH
Lakeland Flying Tigers batting - Pitching for Daytona Tortugas : RHP Alex Gonsalez
Pitching: RHP Dan Averill
Batting: RHB Quincy Behan 0-0: Ball
1-0: Swinging Strike
1-1: Foul Ball, location: 2F
1-2: Ground out 4-3 (Groundball, 4, EV 98.8 MPH)
Batting: LHB Ron Devers 0-0: Ball
1-0: Ground out 4-3 (Groundball, 4S, EV 86.3 MPH)
Batting: LHB Mike Giordano 0-0: Called Strike
0-1: Ball
1-1: Foul Ball, location: 7LDF
1-2: Ball
2-2: Foul Ball, location: 23FF
2-2: Foul Ball, location: 9LDF
2-2: Ball
3-2: SINGLE (Groundball, 34D, EV 104.4 MPH)
Batting: LHB Dusty Ancona 0-0: DOUBLE (Line Drive, 9LM, EV 96.9 MPH)
Mike Giordano to third
Batting: LHB Ted Oetken 0-0: Called Strike
0-1: Fly out, F8 (Flyball, 8RS, EV 95.6 MPH)
Bottom of the 8th over - 0 runs, 2 hits, 0 errors, 2 left on base; Daytona 3 - Lakeland 4
TOP OF THE 9TH
Daytona Tortugas batting - Pitching for Lakeland Flying Tigers : RHP Jim Unknown
Now at 1B: Willie Valdez
Batting: RHB Alex Cervantes 0-0: Ball
1-0: SINGLE (Groundball, 6MS, EV 64.4 MPH) (infield hit)
Batting: LHB Jose Hernandez 0-0: Ball
1-0: SINGLE (Flyball, 7LS, EV 93.8 MPH)
Alex Cervantes to second
Batting: RHB David Clinkscale 0-0: Ball
1-0: Foul Ball, location: 2F
1-1: Ball
2-1: Fly out, F3 (Popup, 3, EV 76.3 MPH)
Pitching: LHP Jim Unknown
Batting: RHB Danny Tavira 0-0: Ball
1-0: Ball
2-0: Ball
3-0: Called Strike
3-1: 3-RUN HOME RUN (Flyball, 7LD, EV 105.0 MPH) (Inside the Park)
Batting: LHB Alexis Viramontes 0-0: Ball
1-0: Ball
2-0: Ball
3-0: Base on Balls
Batting: SHB Ruben Rubi 0-0: Called Strike
0-1: Swinging Strike
0-2: Ball
1-2: Ball
2-2: Strikes out swinging
Batting: LHB Gabriel Villa 0-0: Called Strike
0-1: Ball
1-1: Ball
2-1: Swinging Strike
2-2: Ball
3-2: Base on Balls
Alexis Viramontes to second
Batting: LHB Bobby Reicherter 0-0: Called Strike
0-1: Ball
1-1: Called Strike
1-2: Ball
2-2: Ball
3-2: Base on Balls
Alexis Viramontes to third
Gabriel Villa to second
Batting: LHB Jordan Segura 0-0: Fielders Choice at 2nd, 6-4 (Groundball, 6, EV 91.9 MPH)
Top of the 9th over - 3 runs, 3 hits, 0 errors, 3 left on base; Daytona 6 - Lakeland 4
BOTTOM OF THE 9TH
Lakeland Flying Tigers batting - Pitching for Daytona Tortugas : RHP Dan Averill
Batting: RHB Joe McFadden 0-0: Called Strike
0-1: Ball
1-1: Ball
2-1: Ball
3-1: Foul Ball, location: 7LMF
3-2: Fly out, F2 (Popup, 2R, EV 98.8 MPH)
Batting: LHB Alex Pacheco 0-0: Ball
1-0: Ball
2-0: Called Strike
2-1: Called Strike
2-2: Strikes out swinging
Pinch Hitting: LHB Andrew Cassella 0-0: Called Strike
0-1: Called Strike
0-2: Strikes out swinging
Bottom of the 9th over - 0 runs, 0 hits, 0 errors, 0 left on base; Daytona 6 - Lakeland 4
Saturday, April 13th , 2024 - OOTP Baseball 24.11 Build 85